Map: Jagannatha LE

Players

TheSimpleMan

  • Race: Zerg Zerg
  • League: Platinum

ViBE - Winner!

  • Race: Zerg Zerg
  • League: Diamond

VOD

Have the link to the VOD?

Description

Time

  • Played on: April 9, 2021, 12:16 a.m.
  • Length: 14:59
Show
View Real Time Build Order
Export as new Build Order

TheSimpleMan Zerg 

Build Orders: Hatch First 

Get SALT Encoding   

  12  0:02  Drone  
  13  0:12  Overlord  
  13  0:19  Drone  
  14  0:31  Drone x2  
  16  0:50  Hatchery  
  16  0:54  Drone  
  16  1:03  Drone x2  
  18  1:07  Extractor  
  17  1:19  Spawning Pool  
  17  1:21  Drone  
  17  1:24  Drone  
  18  1:31  Drone  
  19  1:41  Overlord  
  19  2:06  Queen  
  19  2:07  Queen  
  23  2:12  Zergling x8  
  27  2:18  Metabolic Boost  
  27  2:20  Drone  
  28  2:25  Drone  
  28  2:27  Drone  
  30  2:39  Drone x2  
  32  2:46  Drone  
  32  2:47  Drone  
  34  3:02  Drone x2  
  36  3:10  Overlord x2  
  35  3:28  Drone x3  
  35  3:29  Drone x5  
  43  3:42  Drone x2  
  45  3:52  Extractor, Lair  
  45  3:53  Extractor  
  43  3:55  Extractor  
  43  3:56  Drone x8  
  50  4:09  Drone x2  
  52  4:23  Hatchery  
  51  4:29  Drone  
  51  4:31  Overlord x4  
  52  4:40  Overlord x2  
  52  4:41  Overlord x3  
  52  4:54  Spire  
  49  5:10  Queen x2  
  53  5:20  Spine Crawler  
  53  5:21  Spine Crawler  
  51  5:24  Spine Crawler  
  51  5:27  Spine Crawler  
  49  5:35  Queen  
  51  5:46  Queen x2  
  51  5:48  Zergling x2  
  51  5:49  Zergling x24  
  68  6:11  Mutalisk x5  
  68  6:12  Mutalisk  
  80  6:29  Mutalisk  
  80  6:30  Mutalisk x3  
  88  6:45  Drone x9  
  97  6:54  Mutalisk x2  
  101  7:17  Mutalisk x6  
  102  8:04  Mutalisk x6  
  93  8:54  Zergling x18  
  102  9:09  Zergling x6  
  97  9:36  Baneling Nest  
  92  9:42  Zergling x8  
  92  9:43  Zergling x10  
  93  9:58  Zergling x2  
  93  9:59  Zergling x4, Extractor  
  95  10:00  Extractor  
  94  10:24  Centrifical Hooks  
  94  10:28  Baneling x2  
  94  10:29  Baneling x26  
  94  10:30  Baneling x20  
  94  10:46  Zergling x10  
  94  10:47  Zergling x26  
  96  11:36  Zergling x20  
  100  11:52  Zergling x4  
  100  11:53  Zergling x6  
  105  12:01  Overlord x5  
  105  12:02  Overlord  
  105  12:05  Evolution Chamber  
  73  12:40  Zergling x8  
  73  12:41  Zergling x22  
  74  13:39  Baneling x10  
  72  13:42  Zergling x2  
  72  13:43  Zergling x20  
  83  13:54  Infestation Pit  
  82  13:56  Zergling x6  
  85  14:22  Hatchery  
  84  14:28  Baneling x19  
  84  14:29  Baneling x4  
  77  14:33  Hatchery  
Show
View Real Time Build Order
Export as new Build Order

ViBE Zerg - Winner!

Build Orders: Hatch First, Roach Hydra 

Get SALT Encoding   

  12  0:00  Drone  
  13  0:13  Overlord  
  13  0:21  Drone  
  14  0:33  Drone x2  
  16  0:53  Hatchery  
  16  0:54  Drone  
  16  0:58  Drone  
  16  0:59  Drone  
  18  1:18  Drone  
  18  1:19  Spawning Pool  
  18  1:22  Drone  
  19  1:29  Drone  
  20  1:33  Extractor  
  19  1:44  Drone  
  20  2:06  Queen x2  
  24  2:09  Drone  
  24  2:10  Drone x2  
  27  2:16  Drone  
  27  2:17  Overlord  
  28  2:31  Overlord  
  28  2:39  Drone x3  
  28  2:43  Lair  
  31  2:46  Queen  
  31  2:48  Drone  
  31  2:49  Drone  
  35  2:55  Drone  
  36  3:03  Overlord  
  36  3:06  Drone  
  36  3:12  Roach Warren, Evolution Chamber  
  36  3:14  Evolution Chamber  
  36  3:18  Drone x6  
  40  3:21  Drone  
  40  3:22  Drone  
  42  3:30  Overlord  
  42  3:34  Drone  
  43  3:39  Drone  
  44  3:43  Extractor  
  44  3:45  Extractor  
  42  3:48  Zerg Missile Weapons Level 1  
  42  3:51  Glial Reconstitution  
  42  3:58  Drone x6  
  48  4:03  Hatchery  
  48  4:17  Overlord x3  
  48  4:18  Drone  
  48  4:19  Roach x4  
  56  4:37  Overlord  
  56  4:39  Roach x3  
  62  4:55  Roach x3  
  62  4:56  Hatchery  
  67  5:00  Drone x6  
  73  5:08  Drone x2  
  73  5:12  Queen  
  77  5:15  Drone  
  77  5:21  Overlord  
  78  5:25  Drone  
  79  5:33  Drone  
  79  5:34  Drone x6  
  86  5:44  Overseer  
  86  5:48  Hydralisk Den  
  85  5:50  Drone x3, Zerg Missile Weapons Level 2  
  85  5:51  Zerg Ground Armor Level 1  
  88  5:58  Extractor  
  88  6:03  Drone x6  
  93  6:13  Drone x3  
  93  6:14  Drone x2  
  93  6:16  Extractor  
  93  6:18  Extractor  
  96  6:21  Grooved Spines  
  96  6:34  Hatchery  
  96  6:36  Hydralisk  
  96  6:37  Overlord  
  96  6:38  Overlord x3  
  97  6:46  Hydralisk x4  
  99  6:50  Overlord x2  
  105  7:00  Hydralisk x3  
  105  7:01  Hydralisk x5  
  111  7:08  Overlord  
  120  7:24  Drone x8  
  120  7:25  Drone x3  
  128  7:33  Muscular Augments  
  126  7:40  Drone x5  
  128  7:48  Spore Crawler  
  128  7:50  Spore Crawler, Drone x4  
  128  7:51  Spore Crawler  
  126  8:00  Spore Crawler  
  126  8:01  Spore Crawler  
  126  8:02  Spore Crawler  
  126  8:04  Drone  
  126  8:05  Drone x3  
  116  8:12  Spore Crawler  
  109  8:13  Spore Crawler  
  109  8:14  Spore Crawler  
  109  8:16  Drone x3  
  109  8:17  Drone x2  
  109  8:18  Zerg Ground Armor Level 2  
  112  8:21  Queen  
  112  8:22  Infestation Pit  
  112  8:23  Drone x3  
  112  8:24  Drone x2  
  112  8:26  Queen  
  117  8:28  Queen  
  117  8:31  Spore Crawler  
  117  8:32  Spore Crawler x2, Drone x4  
  121  9:01  Drone x3  
  124  9:03  Overlord x9  
  124  9:12  Overlord  
  122  9:17  Hydralisk Den  
  122  9:21  Overlord  
  122  9:22  Overlord  
  122  9:23  Drone x6  
  127  9:26  Spore Crawler  
  127  9:30  Spore Crawler, Drone x5  
  126  9:43  Extractor x2  
  126  9:45  Drone x3  
  127  9:46  Drone  
  127  9:47  Drone x2  
  127  9:52  Hatchery  
  129  10:02  Drone  
  129  10:03  Drone x7  
  137  10:08  Hive  
  137  10:15  Spore Crawler x3  
  137  10:19  Drone x3  
  137  10:20  Drone x8  
  145  10:23  Spine Crawler  
  145  10:25  Spine Crawler  
  145  10:27  Spine Crawler  
  145  10:28  Spine Crawler  
  141  10:30  Spine Crawler  
  141  10:32  Spine Crawler  
  141  10:35  Spine Crawler  
  138  10:36  Spine Crawler  
  138  10:41  Spine Crawler  
  136  10:42  Spine Crawler  
  136  10:45  Drone x6  
  136  10:47  Extractor  
  136  10:48  Extractor  
  136  10:49  Drone  
  140  10:52  Overlord  
  140  10:53  Overlord  
  140  10:57  Hydralisk  
  140  10:58  Hydralisk x5  
  140  11:02  Hatchery  
  151  11:23  Hydralisk x12  
  151  11:24  Hydralisk  
  155  11:40  Hatchery  
  154  11:48  Zerg Missile Weapons Level 3  
  154  11:49  Zerg Ground Armor Level 3  
  154  11:53  Roach x9  
  172  12:01  Overseer  
  172  12:29  Drone x12  
  178  12:30  Drone x11  
  162  12:40  Spine Crawler  
  161  12:45  Hydralisk x9  
  179  12:54  Hatchery  
  178  13:17  Hatchery  
  173  13:29  Queen  
  175  13:37  Roach x2, Hydralisk  
  175  13:38  Roach x3, Hydralisk x6  
  175  13:40  Drone  
  200  13:42  Overseer  
  200  13:50  Lurker Den  
  194  14:31  Roach x3  
  200  14:50  Hatchery  
Tags
 
Add a new tag
Caveats
  • Supply blocks, unpowered buildings, or Contaminate may cause inaccurate times.
  • Supply counts are checked every 10 seconds.